TOP OF THE 1ST |
Seattle Aviators batting - Pitching for Montana Pandas : RHP Wayne Hurst
|
Pitching: RHP Wayne Hurst
|
|
Batting: RHB Tynan Hawkins
|
0-0: Bunt missed! 0-1: Called Strike 0-2: Ball 1-2: Ball 2-2: Foul Ball, location: 2F 2-2: Ball 3-2: SINGLE (Groundball, 6D)
|
Batting: RHB Tanyu Kimura
|
0-0: 2-RUN HOME RUN (Flyball, 7D), Distance : 346 ft
|
Batting: LHB Jorge Mojica
|
0-0: Ball 1-0: Ground out U3 (Groundball, 3L)
|
Batting: LHB Kenny Webster
|
0-0: Called Strike 0-1: Swinging Strike 0-2: Strikes out swinging
|
Batting: RHB Sean Davis
|
0-0: Called Strike 0-1: Swinging Strike 0-2: Ball 1-2: Foul Ball, location: 2F 1-2: Foul Ball, location: 2F 1-2: Strikes out looking
|
Top of the 1st over - 2 run(s), 2 hit(s), 0 error(s), 0 left on base; Seattle 2 - Montana 0 |
BOTTOM OF THE 1ST |
Montana Pandas batting - Pitching for Seattle Aviators : RHP José Trujillo
|
Pitching: RHP José Trujillo
|
|
Batting: SHB Tsing Guao
|
0-0: Called Strike 0-1: Ball 1-1: Ball 2-1: Fly out, F8 (Flyball, 8RM)
|
Batting: RHB Pancho Salaedo
|
0-0: Ball 1-0: Called Strike 1-1: Foul Ball, location: 2F 1-2: Strikes out swinging
|
Batting: RHB Brent Ryan
|
0-0: Called Strike 0-1: Foul Ball, location: 2F 0-2: SOLO HOME RUN (Flyball, 8LXD), Distance : 432 ft
|
Batting: RHB Luis Muńóz
|
0-0: Swinging Strike 0-1: Ball 1-1: Foul Ball, location: 2F 1-2: Foul Ball, location: 2F 1-2: Ball 2-2: Strikes out swinging
|
Bottom of the 1st over - 1 run(s), 1 hit(s), 0 error(s), 0 left on base; Seattle 2 - Montana 1 |
TOP OF THE 2ND |
Seattle Aviators batting - Pitching for Montana Pandas : RHP Wayne Hurst
|
Batting: RHB Vernon Caw
|
0-0: SINGLE (Line Drive, 89S)
|
Batting: LHB Brad Lawrence
|
0-0: Foul Ball, location: 2F 0-1: Foul Ball, location: 2F 0-2: Fly out, F9 (Flyball, 89D)
|
Batting: RHB Brian Williams
|
0-0: Called Strike 0-1: Ball 1-1: Swinging Strike 1-2: Ball 2-2: Strikes out looking
|
Batting: RHB Kenzaburo Hori
|
0-0: Called Strike 0-1: Swinging Strike 0-2: Ball 1-2: Ball 2-2: Strikes out swinging
|
Top of the 2nd over - 0 run(s), 1 hit(s), 0 error(s), 1 left on base; Seattle 2 - Montana 1 |
BOTTOM OF THE 2ND |
Montana Pandas batting - Pitching for Seattle Aviators : RHP José Trujillo
|
Batting: LHB Luis Velázquez
|
0-0: Foul Ball, location: 2F 0-1: Ball 1-1: Ball 2-1: DOUBLE (Flyball, 7LS)
|
Batting: RHB Ted Cook
|
0-0: Ball 1-0: Foul Ball, location: 2F 1-1: Foul Ball, location: 2F 1-2: Foul Ball, location: 2F 1-2: Ball 2-2: 2-RUN HOME RUN (Flyball, 78XD), Distance : 386 ft
|
Batting: RHB Dani Trejo
|
0-0: Fly out, F7 (Line Drive, 78M)
|
Batting: LHB António González
|
0-0: Ball 1-0: Ball 2-0: Ball 3-0: Base on Balls
|
Batting: RHB Jim Scott
|
0-0: Ball 1-0: Foul Ball, location: 2F 1-1: Called Strike 1-2: Foul Ball, location: 2F 1-2: Strikes out swinging
|
Batting: SHB Tsing Guao
|
0-0: Ball 1-0: Called Strike 1-1: Fly out, F7 (Flyball, 7M)
|
Bottom of the 2nd over - 2 run(s), 2 hit(s), 0 error(s), 1 left on base; Seattle 2 - Montana 3 |
TOP OF THE 3RD |
Seattle Aviators batting - Pitching for Montana Pandas : RHP Wayne Hurst
|
Batting: RHB Tynan Hawkins
|
0-0: Called Strike 0-1: Swinging Strike 0-2: Foul Ball, location: 2F 0-2: Ball 1-2: Strikes out swinging
|
Batting: RHB Tanyu Kimura
|
0-0: Swinging Strike 0-1: Ball 1-1: Called Strike 1-2: Ball 2-2: Strikes out swinging
|
Batting: LHB Jorge Mojica
|
0-0: Foul Ball, location: 2F 0-1: Ball 1-1: Fly out, F8 (Line Drive, 8LS)
|
Top of the 3rd over - 0 run(s), 0 hit(s), 0 error(s), 0 left on base; Seattle 2 - Montana 3 |
BOTTOM OF THE 3RD |
Montana Pandas batting - Pitching for Seattle Aviators : RHP José Trujillo
|
Batting: RHB Pancho Salaedo
|
0-0: Called Strike 0-1: Swinging Strike 0-2: SINGLE (Line Drive, 56D)
|
Batting: RHB Brent Ryan
|
0-0: Ball 1-0: Foul Ball, location: 2F 1-1: Fly out, F5 (Popup, 5SF)
|
Batting: RHB Luis Muńóz
|
0-0: Swinging Strike 0-1: DOUBLE (Line Drive, 89XD) Pancho Salaedo to third
|
Batting: LHB Luis Velázquez
|
0-0: Foul Ball, location: 2F 0-1: Ball 1-1: Called Strike 1-2: Ball 2-2: Ball 3-2: SINGLE (Line Drive, 89S) Pancho Salaedo scores Luis Muńóz to third
|
Batting: RHB Ted Cook
|
0-0: Ball 1-0: Reached on error, E1 (Groundball, 13S) Luis Muńóz scores Luis Velázquez to second
|
Batting: RHB Dani Trejo
|
0-0: Ball 1-0: Called Strike 1-1: 3-RUN HOME RUN (Flyball, 78XD), Distance : 382 ft
|
Pitching: LHP Dan Mitchell
|
|
Batting: LHB António González
|
0-0: Ball 1-0: Ball 2-0: SINGLE (Line Drive, 9LS)
|
Batting: RHB Jim Scott
|
0-0: Grounds into double play, 4-6-3 (Groundball, 34)
|
Bottom of the 3rd over - 5 run(s), 5 hit(s), 1 error(s), 0 left on base; Seattle 2 - Montana 8 |
TOP OF THE 4TH |
Seattle Aviators batting - Pitching for Montana Pandas : RHP Wayne Hurst
|
Batting: LHB Kenny Webster
|
0-0: Called Strike 0-1: Ball 1-1: Ball 2-1: Ball 3-1: Called Strike 3-2: Fly out, F5 (Popup, 5SF)
|
Batting: RHB Sean Davis
|
0-0: Ball 1-0: Foul Ball, location: 2F 1-1: Called Strike 1-2: Foul Ball, location: 2F 1-2: Ball 2-2: Ground out 6-3 (Groundball, 6M)
|
Batting: RHB Vernon Caw
|
0-0: Called Strike 0-1: Swinging Strike 0-2: Strikes out swinging
|
Top of the 4th over - 0 run(s), 0 hit(s), 0 error(s), 0 left on base; Seattle 2 - Montana 8 |
BOTTOM OF THE 4TH |
Montana Pandas batting - Pitching for Seattle Aviators : LHP Dan Mitchell
|
Batting: SHB Tsing Guao
|
0-0: Ball 1-0: Ball 2-0: Fly out, F2 (Popup, 2R)
|
Batting: RHB Pancho Salaedo
|
0-0: Ground out 1-3 (Groundball, 15)
|
Batting: RHB Brent Ryan
|
0-0: Ball 1-0: Ground out 5-3 (Groundball, 56)
|
Bottom of the 4th over - 0 run(s), 0 hit(s), 0 error(s), 0 left on base; Seattle 2 - Montana 8 |
TOP OF THE 5TH |
Seattle Aviators batting - Pitching for Montana Pandas : RHP Wayne Hurst
|
Batting: LHB Brad Lawrence
|
0-0: Foul Ball, location: 2F 0-1: Foul Ball, location: 2F 0-2: Foul Ball, location: 2F 0-2: SINGLE (Line Drive, 8LS)
|
Batting: RHB Brian Williams
|
0-0: Called Strike 0-1: Foul Ball, location: 2F 0-2: Ball Brad Lawrence steals 2nd base 1-2: Foul Ball, location: 2F 1-2: Strikes out looking
|
Pitching: LHP Rubén Rodríguez
|
|
Batting: RHB Kenzaburo Hori
|
0-0: Ball 1-0: Ball 2-0: Called Strike 2-1: Called Strike 2-2: Strikes out swinging
|
Batting: RHB Tynan Hawkins
|
0-0: Called Strike 0-1: Ball 1-1: Ball 2-1: Fly out, F8 (Flyball, 8RM)
|
Top of the 5th over - 0 run(s), 1 hit(s), 0 error(s), 1 left on base; Seattle 2 - Montana 8 |
BOTTOM OF THE 5TH |
Montana Pandas batting - Pitching for Seattle Aviators : LHP Dan Mitchell
|
Batting: RHB Luis Muńóz
|
0-0: Called Strike 0-1: Swinging Strike 0-2: Ball 1-2: Strikes out looking
|
Batting: LHB Luis Velázquez
|
0-0: Ground out 5-3 (Groundball, 56S)
|
Batting: RHB Ted Cook
|
0-0: Ball 1-0: Foul Ball, location: 2F 1-1: Called Strike 1-2: Foul Ball, location: 2F 1-2: Strikes out swinging
|
Bottom of the 5th over - 0 run(s), 0 hit(s), 0 error(s), 0 left on base; Seattle 2 - Montana 8 |
TOP OF THE 6TH |
Seattle Aviators batting - Pitching for Montana Pandas : LHP Rubén Rodríguez
|
Batting: RHB Tanyu Kimura
|
0-0: Foul Ball, location: 2F 0-1: Called Strike 0-2: Ball 1-2: Foul Ball, location: 2F 1-2: Fly out, F4 (Popup, 4D)
|
Batting: LHB Jorge Mojica
|
0-0: Ball 1-0: Fly out, F8 (Flyball, 8RM)
|
Batting: LHB Kenny Webster
|
0-0: Called Strike 0-1: Foul Ball, location: 2F 0-2: Foul Ball, location: 2F 0-2: Strikes out swinging
|
Top of the 6th over - 0 run(s), 0 hit(s), 0 error(s), 0 left on base; Seattle 2 - Montana 8 |
BOTTOM OF THE 6TH |
Montana Pandas batting - Pitching for Seattle Aviators : LHP Dan Mitchell
|
Batting: RHB Dani Trejo
|
0-0: Swinging Strike 0-1: Called Strike 0-2: Foul Ball, location: 2F 0-2: Ball 1-2: Ball 2-2: Foul Ball, location: 2F 2-2: Foul Ball, location: 2F 2-2: Strikes out swinging
|
Batting: LHB António González
|
0-0: Ball 1-0: Foul Ball, location: 2F 1-1: Foul Ball, location: 2F 1-2: Ball 2-2: Foul Ball, location: 2F 2-2: Ball 3-2: Base on Balls
|
Batting: RHB Jim Scott
|
0-0: Ball 1-0: Ball 2-0: Ball 3-0: Swinging Strike 3-1: Base on Balls António González to second
|
Batting: SHB Tsing Guao
|
0-0: Ball 1-0: Called Strike 1-1: Grounds into double play, 5-4-3 (Groundball, 5)
|
Bottom of the 6th over - 0 run(s), 0 hit(s), 0 error(s), 1 left on base; Seattle 2 - Montana 8 |
TOP OF THE 7TH |
Seattle Aviators batting - Pitching for Montana Pandas : LHP Rubén Rodríguez
|
Batting: RHB Sean Davis
|
0-0: Called Strike 0-1: Ball 1-1: DOUBLE (Line Drive, 3D)
|
Batting: RHB Vernon Caw
|
0-0: Ball 1-0: Foul Ball, location: 2F 1-1: Ball 2-1: Fly out, F2 (Popup, 2RF)
|
Batting: LHB Brad Lawrence
|
0-0: Ball 1-0: Foul Ball, location: 2F 1-1: Foul Ball, location: 2F 1-2: Ground out 4-3 (Groundball, 34) Sean Davis to third
|
Pitching: RHP Shi-lin Li
|
|
Batting: RHB Brian Williams
|
0-0: Ball 1-0: Ball 2-0: Called Strike 2-1: Ball 3-1: Called Strike 3-2: Fly out, F7 (Flyball, 7D)
|
Top of the 7th over - 0 run(s), 1 hit(s), 0 error(s), 1 left on base; Seattle 2 - Montana 8 |
BOTTOM OF THE 7TH |
Montana Pandas batting - Pitching for Seattle Aviators : LHP Dan Mitchell
|
Batting: RHB Pancho Salaedo
|
0-0: Ball 1-0: Swinging Strike 1-1: Foul Ball, location: 2F 1-2: Foul Ball, location: 2F 1-2: Fly out, F8 (Line Drive, 8LXD)
|
Batting: RHB Brent Ryan
|
0-0: Called Strike 0-1: Ball 1-1: Foul Ball, location: 2F 1-2: Strikes out swinging
|
Batting: RHB Luis Muńóz
|
0-0: Called Strike 0-1: Ball 1-1: Foul Ball, location: 2F 1-2: DOUBLE (Flyball, 9LS)
|
Batting: LHB Luis Velázquez
|
0-0: Swinging Strike 0-1: Ball 1-1: Called Strike 1-2: Ball 2-2: Ground out 3-1 (Groundball, 34)
|
Bottom of the 7th over - 0 run(s), 1 hit(s), 0 error(s), 1 left on base; Seattle 2 - Montana 8 |
TOP OF THE 8TH |
Seattle Aviators batting - Pitching for Montana Pandas : RHP Shi-lin Li
|
Now in CF: Mauro López
|
|
Batting: RHB Kenzaburo Hori
|
0-0: Ball 1-0: Ball 2-0: Ball 3-0: Called Strike 3-1: Called Strike 3-2: Foul Ball, location: 2F 3-2: Ground out 6-3 (Groundball, 6)
|
Batting: RHB Tynan Hawkins
|
0-0: Called Strike 0-1: Called Strike 0-2: Foul Ball, location: 2F 0-2: Ball 1-2: Strikes out swinging
|
Batting: RHB Tanyu Kimura
|
0-0: Ball 1-0: Called Strike 1-1: DOUBLE (Flyball, 89M)
|
Batting: LHB Jorge Mojica
|
0-0: DOUBLE (Line Drive, 9LS) Tanyu Kimura scores
|
Batting: LHB Kenny Webster
|
0-0: Ball 1-0: Ball 2-0: Called Strike 2-1: Called Strike 2-2: Ball 3-2: Fly out, F8 (Flyball, 8LD)
|
Top of the 8th over - 1 run(s), 2 hit(s), 0 error(s), 1 left on base; Seattle 3 - Montana 8 |
BOTTOM OF THE 8TH |
Montana Pandas batting - Pitching for Seattle Aviators : LHP Dan Mitchell
|
Batting: RHB Ted Cook
|
0-0: Called Strike 0-1: Foul Ball, location: 2F 0-2: Foul Ball, location: 2F 0-2: Ball 1-2: Ball 2-2: Fly out, F8 (Flyball, 8LD)
|
Batting: RHB Dani Trejo
|
0-0: Ground out 5-3 (Groundball, 56)
|
Batting: LHB António González
|
0-0: Swinging Strike 0-1: Swinging Strike 0-2: Ball 1-2: Strikes out looking
|
Bottom of the 8th over - 0 run(s), 0 hit(s), 0 error(s), 0 left on base; Seattle 3 - Montana 8 |
TOP OF THE 9TH |
Seattle Aviators batting - Pitching for Montana Pandas : RHP Shi-lin Li
|
Pitching: LHP Cody Brown
|
|
Batting: RHB Sean Davis
|
0-0: Ball 1-0: Ball 2-0: Called Strike 2-1: Ball 3-1: Called Strike 3-2: Base on Balls
|
Batting: RHB Vernon Caw
|
0-0: Ball 1-0: Foul Ball, location: 2F 1-1: Swinging Strike 1-2: Foul Ball, location: 2F 1-2: TRIPLE (Flyball, 89D) Sean Davis scores
|
Batting: LHB Brad Lawrence
|
0-0: Ball 1-0: Ball 2-0: SINGLE (Line Drive, 8RS) Vernon Caw scores
|
Batting: RHB Brian Williams
|
0-0: Ball Wild Pitch! Brad Lawrence to second 1-0: Foul Ball, location: 2F 1-1: Foul Ball, location: 2F 1-2: Ground out 5-3 (Groundball, 56)
|
Batting: RHB Kenzaburo Hori
|
0-0: Ball 1-0: Ball 2-0: Foul Ball, location: 2F 2-1: Foul Ball, location: 2F 2-2: SINGLE (Groundball, 4MD) Brad Lawrence to third
|
Batting: RHB Tynan Hawkins
|
0-0: Fly out, F3 (Line Drive, 3) 0-0: Lined into DP, U3 (Line Drive, 3)
|
Top of the 9th over - 2 run(s), 3 hit(s), 0 error(s), 1 left on base; Seattle 5 - Montana 8 |
|